 Dungeon Crawl Stone Soup version 0.31-a0-18-gea43df2a32 (webtiles) character file.

Game seed: 16222695053557170246

21 sircluck the Trooper (level 2, -2/24 HPs)
             Began as a Demonspawn Berserker on May 11, 2023.
             Was a Follower of Trog.
             Slain by a hobgoblin (5 damage)
             ... led by Robin
             ... on level 1 of the Dungeon.
             The game lasted 00:01:03 (499 turns).

sircluck the Trooper (Demonspawn Berserker)          Turns: 499, Time: 00:01:04

Health: -2/24      AC:  2    Str: 17    XL:     2   Next: 62%
Magic:  2/2        EV: 12    Int:  8    God:    Trog [*.....]
Gold:   0          SH:  0    Dex: 12    Spells: 1/1 levels left

rFire   . . .        a - +0 falchion
rCold   . . .        (no shield)
rNeg    . . .        b - +0 animal skin
rPois   .            (no helmet)
rElec   .            (no cloak)
rCorr   .            (no gloves)
SInv    .            (no boots)
Will    .....        (no amulet)
Stlth   +            (no ring)
HPRegen 0.24/turn    (no ring)
MPRegen 0.08/turn

%: no passive effects
@: no status effects
A: powered by death 1
a: Renounce Religion, Berserk


You were on level 1 of the Dungeon.
You worshipped Trog.
Trog was aware of your devotion.
You visited 1 branch of the dungeon, and saw 2 of its levels.

Inventory:

Hand Weapons
 a - a +0 falchion (weapon)
Armour
 b - a +0 animal skin (worn)
 c - a +0 plate armour
Potions
 d - a potion of curing {unknown}


   Skills:
 + Level 3.3 Fighting
 + Level 3.1 Long Blades
 + Level 2.0 Armour
 + Level 1.9 Dodging


You had one spell level left.
You didn't know any spells.
Your spell library was empty.

Dungeon Overview and Level Annotations

Branches:
Dungeon (2/15)

Altars:

Annotations:
D:2 Robin


Innate Abilities, Weirdness & Mutations

You regenerate a little health from kills.


Message History

You kill the kobold!
Trog accepts your kill.
Items here: ( )) †††.
Found 6 stones.
There is a stone staircase leading down here.
You climb downwards.
The goblin shouts!
Robin shouts!
The goblin shouts! x4; The hobgoblin shouts! x2
The goblin shouts!
You hear a shout! x2; The hobgoblin shouts!
The endoplasm quivers.
Found 11 gold pieces.
There is a stone staircase leading up here.
You hear a shout!
Robin throws the goblin at you! The goblin hits you with a +0 dagger.
You climb upwards.
There is a stone staircase leading down here.
You start resting.
HP restored.
You climb downwards.
Level annotation: Robin The adder bites you but does no damage.
The goblin hits you with a +0 dagger. The hobgoblin barely misses you.
The hobgoblin hits you but does no damage.
The goblin closely misses you. The goblin barely misses you.
The goblin hits you with a +0 club. The hobgoblin hits you.
The adder barely misses you.
There is a stone staircase leading up, spattered with blood here.
The hobgoblin hits you. The goblin misses you. The goblin barely misses you.
The adder bites you. The goblin hits you but does no damage.
The hobgoblin hits you but does no damage.
The goblin barely misses you. The hobgoblin hits you.
You climb upwards.
There is a stone staircase leading down here.
Unknown command.
You closely miss the adder. The adder closely misses you.
The goblin hits you with a +0 club.
* * * LOW HITPOINT WARNING * * *
The hobgoblin hits you.
* * * LOW HITPOINT WARNING * * *
The goblin barely misses you. The hobgoblin hits you.
You die...

#........# ##.)..).'..
#........####..######..
#..............# ###
#..............# ##
#..............# #.
#........#..##########.
#..........## .......
#....ggg..#### .......
#....g@g.....+ .......
#....ggS.###(# ......(
########## .......
#######


You could see an adder, 3 hobgoblins and 4 goblins.

Vanquished Creatures
  3 goblins (D:1)
  3 jackals (D:1)
  6 kobolds (D:1)
  2 ball pythons (D:1)
  A bat (D:1)
  2 frilled lizards (D:1)
  2 rats (D:1)
19 creatures vanquished.

Notes
Turn   | Place    | Note
-------+----------+-------------------------------------------
     0 | D:1      | sircluck the Demonspawn Berserker began the quest for the
                  | Orb.
     0 | D:1      | Reached XP level 1. HP: 18/18 MP: 1/1
   117 | D:1      | Gained mutation: You regenerate a little health from kills.
                  | [demonic ancestry]
   117 | D:1      | Reached XP level 2. HP: 16/24 MP: 2/2
   428 | D:2      | Noticed Robin
   499 | D:1      | Slain by a hobgoblin

Illustrated notes

Levels and vault maps discovered:
D:1:      minmay_arrival_split_and_join, layout_basic, chequers_jeans,
          columned_hall_lemuel
D:2:      layout_rooms, uniq_robin

Skill      XL: |  1  2 |
---------------+-------+-----
Long Blades    | 3 |  3.1
Armour         | 2 |  2.0
Fighting       | |  3.3
Dodging        | |  1.9

Action                     || total
---------------------------++-------
  Melee: Falchion          ||    50
 Armour: Animal skin       ||    10
  Dodge: Dodged            ||    54

Table legend: (Time is in decaauts)
 A = Elapsed time spent in this place.
 B = Non-inter-level travel time spent in this place.
 C = Inter-level travel time spent in this place.
 D = Time resting spent in this place.
 E = Time spent auto-exploring this place.
 F = Levels seen in this place.
 G = Mean time per level.
                   A        B        C        D        E       F      G
               +--------+--------+--------+--------+--------+-----+--------+
         Total |    507 |    497 |     10 |     64 |    296 |   2 |  253.5 |
       Dungeon |    507 |    497 |     10 |     64 |    296 |   2 |  253.5 |
               +--------+--------+--------+--------+--------+-----+--------+

Top non-repeatable levels by time:
     D:1: 503 daAuts
     D:2: 4 daAuts
